 Dungeon Crawl Stone Soup version 0.29-a0-334-gb41bcbb86e (webtiles) character file.

Game seed: 12148224860201829406

25 zeratav the Grasshopper (level 3, 0/31 HPs)
             Began as a Gnoll Warper on Apr 15, 2022.
             Frozen to death by an endoplasm (4 damage)
             ... on level 1 of the Dungeon.
             The game lasted 00:02:02 (1112 turns).

zeratav the Grasshopper (Gnoll Warper)              Turns: 1112, Time: 00:02:03

Health: 0/31       AC:  5    Str: 10    XL:     3   Next: 6%
Magic:  9/9        EV: 11    Int: 14    God:
Gold:   62         SH:  0    Dex: 11    Spells: 12/12 levels left

rFire   . . .      SeeInvis .     - Unarmed
rCold   . . .      Faith    .   (no shield)
rNeg    . . .      Spirit   .   d - +0 ring mail
rPois   .          Reflect  .   (no helmet)
rElec   .          Harm     .   (no cloak)
rCorr   .          Rampage  .   (no gloves)
Will    .....                   (no boots)
Stlth   +.........              (no amulet)
HPRegen 0.10/turn               (no ring)
MPRegen 0.11/turn               (no ring)

@: no status effects
A: fangs 1, strong nose, distributed training
a: no special abilities


You were on level 1 of the Dungeon.
You visited 1 branch of the dungeon, and saw 1 of its levels.

You collected 62 gold pieces.


Innate Abilities, Weirdness & Mutations

You have very sharp teeth.
Your uncanny sense of smell can sniff out nearby items.
Your experience applies equally to all skills.


   Skills:
 + Level 4.5 Fighting
 + Level 0.6 Short Blades
 + Level 0.6 Long Blades
 + Level 0.6 Axes
 + Level 0.6 Maces & Flails
 + Level 0.6 Polearms
 + Level 0.6 Staves
 + Level 0.6 Slings
 + Level 0.6 Bows
 + Level 0.6 Crossbows
 + Level 2.5 Throwing
 + Level 2.5 Armour
 + Level 4.5 Dodging
 + Level 0.6 Stealth
 + Level 0.6 Shields
 + Level 4.5 Unarmed Combat
 + Level 5.0 Spellcasting
 + Level 0.4 Conjurations
 + Level 0.4 Hexes
 + Level 0.4 Summonings
 + Level 0.4 Necromancy
 + Level 5.4 Translocations
 + Level 0.4 Transmutations
 + Level 0.4 Fire Magic
 + Level 0.4 Ice Magic
 + Level 0.4 Air Magic
 + Level 0.4 Earth Magic
 + Level 0.4 Poison Magic
 + Level 0.8 Invocations
 + Level 0.6 Evocations


You had 12 spell levels left.
You didn't know any spells.
Your spell library contained the following spells:

 Spells                   Type           Power      Damage    Failure   Level
 Blink                    Tloc           36%        N/A       7%          2
 Gell's Gravitas          Tloc           18%        N/A       14%         3
 Lesser Beckoning         Tloc           18%        N/A       14%         3
 Teleport Other           Tloc           18%        N/A       14%         3
 Manifold Assault         Tloc           18%        N/A       78%         5

Inventory:

Missiles
 c - 6 boomerangs of dispersal (quivered) {=fthrowing}
Armour
 a - a +0 robe
   (You found it on level 1 of the Dungeon)
 d - a +0 ring mail (worn)
   (You found it on level 1 of the Dungeon)
 f - a +0 leather armour
   (You found it on level 1 of the Dungeon)
 g - a +0 robe
   (You found it on level 1 of the Dungeon)
 j - a +0 leather armour
   (You found it on level 1 of the Dungeon)
Scrolls
 b - a scroll of blinking {!r}
 i - 3 scrolls of teleportation {unknown}
Potions
 e - a potion of mutation {unknown}
 h - a potion of curing {unknown}

Dungeon Overview and Level Annotations

Branches:
Dungeon (1/15)

Altars:

#.##...# ##..................#
##.##...#####..#####.########.#.#
.........................####.#.#
##.......###############.........
#####...#...?.........#..###.#.#
#...#......BwB....#..# #..##
######...#....BrJJJB...#..# #.#.#
....###..#######J#######..# #..#.
###.# ##.#.....r@......#.[# #.###
# #.# #.'⌠....###....⌠'..# #..#.
###.## #.#......<......#..# ###.#
##...###.#..⌠...>...⌠..#..# ###
#.....#..###'#######+###..#
......#...................#
#.....#..####..###.#.#.##.#######
##....##...............##........
###..................#...######.#


You could see a worm, 4 endoplasms, 4 giant cockroaches and 2 rats.


Message History

You barely miss the giant cockroach. The giant cockroach barely misses you.
You barely miss the giant cockroach. The giant cockroach closely misses you.
You hit the giant cockroach but do no damage.
The giant cockroach bites you but does no damage.
You hit the giant cockroach. You bite the giant cockroach.
You kill the giant cockroach!
The endoplasm quivers.
The jackal bites you. The endoplasm freezes you.
You are frozen.
The endoplasm freezes you.
You are frozen.
The jackal bites you but does no damage. x2
There is an open translucent door, spattered with blood here.
HP[-8]
You take 8 damage, and now have 18/26 hp.
MASSIVE DAMAGE!! (PAUSE)
You closely miss the jackal. The endoplasm hits you.
The endoplasm hits you but does no damage.
The jackal bites you. The jackal barely misses you.
HP[-2]
You take 2 damage, and now have 16/26 hp.
You hit the jackal. The jackal misses you. The endoplasm freezes you.
You are frozen.
The endoplasm freezes you.
You are frozen.
* * * LOW HITPOINT WARNING * * *
The jackal barely misses you.
HP[-5]
You take 5 damage, and now have 11/26 hp.
You barely miss the jackal. The jackal bites you.
* * * LOW HITPOINT WARNING * * *
The jackal misses you. The endoplasm freezes you.
You are frozen.
* * * LOW HITPOINT WARNING * * *
The endoplasm hits you but does no damage.
The jackal barely misses you. The jackal bites you.
* * * LOW HITPOINT WARNING * * *
HP[-7]
You take 7 damage, and now have 4/26 hp.
MASSIVE DAMAGE!! (PAUSE)
You hit the jackal.
You kill the jackal!
The endoplasm closely misses you.
The endoplasm hits you but does no damage.
The jackal misses you.
HP[+1]
The endoplasm attacks as you move away! The endoplasm closely misses you.
The endoplasm attacks as you move away! The endoplasm hits you.
* * * LOW HITPOINT WARNING * * *
HP[-1]
You take 1 damage, and now have 4/26 hp.
You barely miss the jackal. The jackal closely misses you.
The endoplasm jiggles.
The jackal closely misses you.
You closely miss the jackal.
The endoplasm jiggles.
The jackal misses you.
You punch the jackal!
You kill the jackal!
You completely miss the endoplasm. The endoplasm barely misses you.
You hit the endoplasm. The endoplasm freezes you.
You are frozen.
* * * LOW HITPOINT WARNING * * *
HP[-2]
You take 2 damage, and now have 2/26 hp.
You hit the endoplasm but do no damage. The endoplasm misses you.
You hit the endoplasm. The endoplasm closely misses you.
You hit the endoplasm. The endoplasm misses you.
The endoplasm jiggles.
You hit the endoplasm.
You kill the endoplasm!
The giant cockroach waves its antennae.
You have reached level 3!
Your experience leads to an increase in your attributes!
Increase (S)trength, (I)ntelligence, or (D)exterity?
You feel clever. x2
HP[+1] MP[+2]
You now have 31 max hp (+5).
Your mp is fully restored (9).
The giant cockroach waves its antennae.
You punch the rat!
You kill the rat!
You closely miss the rat. You closely miss the rat.
The rat bites you but does no damage. The rat closely misses you.
You hit the rat.
The rat bites you but does no damage. x2
You completely miss the rat. You bite the rat.
You kill the rat!
The rat closely misses you.
Your Spellcasting skill increases to level 5!
You barely miss the rat.
The giant cockroach waves its antennae.
The rat completely misses you. The endoplasm barely misses you.
You hit the rat. The endoplasm freezes you.
You are frozen.
You die...

Skill      XL: |  1  2  3 |
---------------+----------+-----
Spellcasting   | 5 |  5.0
Fighting       | |  4.5
Short Blades   | |  0.6
Long Blades    | |  0.6
Axes           | |  0.6
Maces & Flails | |  0.6
Polearms       | |  0.6
Staves         | |  0.6
Slings         | |  0.6
Bows           | |  0.6
Crossbows      | |  0.6
Throwing       | |  2.5
Armour         | |  2.5
Dodging        | |  4.5
Stealth        | |  0.6
Shields        | |  0.6
Unarmed Combat | |  4.5
Conjurations   | |  0.4
Hexes          | |  0.4
Summonings     | |  0.4
Necromancy     | |  0.4
Translocations | |  5.4
Transmutations | |  0.4
Fire Magic     | |  0.4
Ice Magic      | |  0.4
Air Magic      | |  0.4
Earth Magic    | |  0.4
Poison Magic   | |  0.4
Invocations    | |  0.8
Evocations     | |  0.6

Action                   || total
-------------------------++-------
Melee: Unarmed           ||    76
       Bite              ||     6
Throw: Boomerang         ||     1
Armor: Ring mail         ||    31
Dodge: Dodged            ||    62

Levels and vault maps discovered:
D:1:      dpeg_arrival_caged_fury, layout_loops_ring,
          ebering_ecumenical_altar_petrified

Notes
Turn   | Place    | Note
-------+----------+-------------------------------------------
     0 | D:1      | zeratav the Gnoll Warper began the quest for the Orb.
     0 | D:1      | Reached XP level 1. HP: 20/20 MP: 6/6
     0 | D:1      | magus.rc [v1.9.6]
     1 | D:1      | Found a runed translucent door.
   209 | D:1      | Reached XP level 2. HP: 21/26 MP: 7/7
   430 | D:1      | Found a faded altar of an unknown god.
  1093 | D:1      | HP: 5/26 [frozen (5)]
  1100 | D:1      | HP: 2/26 [frozen (2)]
  1105 | D:1      | Reached XP level 3. HP: 3/31 MP: 9/9
  1111 | D:1      | Reached skill level 5 in Spellcasting
  1112 | D:1      | Frozen to death by an endoplasm

Vanquished Creatures
  3 bats (D:1)
  3 endoplasms (D:1)
  2 giant cockroaches (D:1)
  8 jackals (D:1)
  A quokka (D:1)
  A frilled lizard (D:1)
  A kobold (D:1)
  3 rats (D:1)
22 creatures vanquished.

Table legend:
 A = Non-vault XP
 B = Vault XP
 C = Vault XP percentage of total XP
 D = Non-vault monster count
 E = Vault monster count
 F = Vault count percentage of total count
                 A         B        C        D         E       F
            +---------+---------+-------+---------+---------+-------
      Total |      27 |      10 |  27.0 |      16 |       6 |  27.3
            +---------+---------+-------+---------+---------+-------
        D:1 |      27 |      10 |  27.0 |      16 |       6 |  27.3
            +---------+---------+-------+---------+---------+-------

Illustrated notes

Table legend:
 A = Kills in this place as a percentage of kills in entire the game.
 B = Kills by you in this place as a percentage of kills by you in the entire game.
 C = Kills by friends in this place as a percentage of kills by friends in the entire game.
 D = Other kills in this place as a percentage of other kills in the entire game.
 E = Experience gained in this place as a percentage of experience gained in the entire game.
 F = Experience gained in this place divided by the number of levels of this place that you have seen.
                   A       B       C       D       E      F
               +-------+-------+-------+-------+-------+----------------------
         Total | 100.0 | 100.0 |   N/A |   N/A | 100.0 |  37.0
       Dungeon | 100.0 | 100.0 |   N/A |   N/A | 100.0 |  37.0
               +-------+-------+-------+-------+-------+----------------------

Table legend: (Time is in decaauts)
 A = Elapsed time spent in this place.
 B = Non-inter-level travel time spent in this place.
 C = Inter-level travel time spent in this place.
 D = Time resting spent in this place.
 E = Time spent auto-exploring this place.
 F = Levels seen in this place.
 G = Mean time per level.
                   A        B        C        D        E       F      G
               +--------+--------+--------+--------+--------+-----+--------+
         Total |   1106 |   1106 |      0 |      0 |    912 |   1 | 1106.0 |
       Dungeon |   1106 |   1106 |      0 |      0 |    912 |   1 | 1106.0 |
               +--------+--------+--------+--------+--------+-----+--------+

Top non-repeatable levels by time:
     D:1: 1106 daAuts
